 Dungeon Crawl Stone Soup version 0.30.1-11-g7821555f0a (webtiles) character file.

Game seed: 16928223466502471236

83 bnorton916 the Magician (level 4, 0/24 HPs)
             Began as a Deep Elf Fire Elementalist on Nov 22, 2023.
             Succumbed to an adder's poison
             ... on level 4 of the Dungeon.
             The game lasted 00:03:07 (2699 turns).

bnorton916 the Magician (DEFE)                      Turns: 2699, Time: 00:03:08

Health: 0/24       AC:  2    Str:  8    XL:     4   Next: 22%
Magic:  9/12       EV: 12    Int: 22    God:
Gold:   109        SH:  0    Dex: 15    Spells: 10/11 levels left

rFire   + . .        s - +11 falchion "Posminla" {venom, Fly rF+ Will+ Str+3}
rCold   . . .        (no shield)
rNeg    . . .        a - +0 robe
rPois   .            (no helmet)
rElec   .            (no cloak)
rCorr   .            (no gloves)
SInv    .            (no boots)
Will    +....        (no amulet)
Stlth   ++           (no ring)
HPRegen 0.24/turn    (no ring)
MPRegen 0.13/turn

%: no passive effects
@: lethally poisoned (0 -> -1), flying
A: no striking features
a: no special abilities


You were on level 4 of the Dungeon.
You visited 1 branch of the dungeon, and saw 4 of its levels.

You collected 109 gold pieces.

Inventory:

Hand Weapons
 e - a +1 whip of venom
 s - the +11 falchion "Posminla" (weapon) {venom, Fly rF+ Will+ Str+3}
   (You found it on level 3 of the Dungeon)

   Str:       It affects your strength (+3).
   rF:        It protects you from fire.
   Fly:       It grants you flight.
   Will:      It increases your willpower.
Armour
 a - a +0 robe (worn)
 p - a +0 pair of boots
Scrolls
 h - 3 scrolls of identify
 l - a scroll of immolation {unknown}
 n - a scroll of magic mapping {unknown}
 r - a scroll of vulnerability
Potions
 b - a potion of magic
 c - 3 potions of cancellation
 d - a potion of invisibility {unknown}
 f - a potion of berserk rage {unknown}
 g - a potion of haste {unknown}
 i - a potion of heal wounds {unknown}
 j - a potion of attraction {unknown}
 m - a potion of brilliance {unknown}
 o - a potion of might {unknown}
 q - a potion of resistance {unknown}


   Skills:
 - Level 2.4 Dodging
 - Level 2.4 Stealth
 + Level 4.2 Spellcasting
 + Level 2.7 Conjurations
 + Level 4.2 Fire Magic


You had 10 spell levels left.
You knew the following spells:

 Your Spells              Type           Power      Damage    Failure   Level
a - Foxfire               Conj/Fire      76%        2x1d7     2%          1

Your spell library contained the following spells:

 Spells                   Type           Power      Damage    Failure   Level
 Scorch                   Fire           46%        2d7       3%          2
 Inner Flame              Hex/Fire       13%        N/A       14%         3
 Volatile Blastmotes      Fire/Tloc      26%        2d12      14%         3
 Flame Wave               Conj/Fire      19%        2d7       26%         4
 Simulacrum               Ice/Necr       2%         N/A       100%        6
 Ozocubu's Refrigeration  Ice            2%         4d7       100%        7
 Polar Vortex             Ice            2%         N/A       100%        9


Dungeon Overview and Level Annotations

Branches:
Dungeon (4/15)
 Temple: D:4-7

Altars:
Trog


Message History

The adder is severely wounded.
Casting: Foxfire (safe; 2% risk of failure)
Confirm with . or Enter, or press ? or * to list all spells.
You miscast Foxfire.
You are very lightly contaminated with residual magic.
Nothing appears to happen.
The orc attacks as you move away! The orc hits you with a +3 dagger.
The adder bites you. The adder attacks as you move away!
The adder barely misses you.
The orc wizard mumbles some strange words.
The orc wizard flickers and vanishes!
Deactivating autopickup; reactivate with Ctrl-A.
The adder bites you.
You are poisoned.
The adder poisons you! The orc attacks as you move away!
The orc hits you but does no damage.
You feel sick.
There is a stone staircase leading down here.
You feel sick. The adder bites you. The orc hits you with a +3 dagger.
Your magical contamination has completely faded away.
You fly downwards.
Reactivating autopickup.
You feel sick.
There is a stone staircase leading up here.
It was a potion of cancellation.
You feel magically purged.
You feel sick. The adder barely misses you. The orc hits you with a +3 dagger.
* * * LOW HITPOINT WARNING * * *
Okay, then.
As you read the scroll labelled TIHUMO YFOPH, it crumbles to dust.
It is a scroll of identify.
r - a scroll of vulnerability You feel sick.
The adder completely misses you. The orc hits you with a +3 dagger.
* * * LOW HITPOINT WARNING * * *
The adder barely misses you.
As you read the scroll labelled YCUHAGATUN, it crumbles to dust.
It is a scroll of amnesia.
Really abort (and waste the scroll)?
Okay, then.
You die... ############# #...S@o.....# #.#########.#

You could see an adder and an orc.

Vanquished Creatures
  2 adders
  A dart slug (D:1)
  2 orcs (D:3)
  3 bats
  6 endoplasms
  4 giant cockroaches
  4 goblins (D:1)
  4 hobgoblins
  5 jackals (D:1)
  3 quokkas (D:1)
  7 ball pythons
  3 frilled lizards
  6 kobolds
  6 rats
56 creatures vanquished.

Vanquished Creatures (collateral kills)
  A foxfire (D:2)
1 creature vanquished.

Vanquished Creatures (others)
  230 foxfires
230 creatures vanquished.

Grand Total: 287 creatures vanquished

Notes
Turn   | Place    | Note
-------+----------+-------------------------------------------
     0 | D:1      | bnorton916 the Deep Elf Fire Elementalist began the quest
                  | for the Orb.
     0 | D:1      | Reached XP level 1. HP: 10/10 MP: 6/6
   184 | D:1      | Reached XP level 2. HP: 15/15 MP: 5/8
   817 | D:1      | Reached XP level 3. HP: 19/19 MP: 7/10
  1278 | D:2      | Found a bloodstained altar of Trog.
  2135 | D:3      | Reached XP level 4. HP: 24/24 MP: 9/12
  2638 | D:3      | Identified the +11 falchion "Posminla" {venom, Fly rF+
                  | Will+ Str+3}
  2698 | D:4      | HP: 1/24 [orc/+3 dagger (5)]
  2699 | D:4      | Succumbed to an adder's poison

Illustrated notes

Levels and vault maps discovered:
D:1:      dpeg_arrival_solitude, layout_basic
D:2:      cheibrodos_old_hovel, layout_basic, basic_altar
D:3:      wander_river, layout_basic, grunt_ministairs_14,
          minmay_splitting_lines, interstate_on_off, kennysheep_doodads,
          minmay_misc_feat_columns
D:4:      layout_loops_ring, grunt_nemelex_the_gamble, general_overflow_altar,
          minmay_temple_entry_drinking_statues, minmay_gold_behind_fungi

Skill      XL: |  1  2  3 |
---------------+----------+-----
Conjurations   | 2 |  2.7
Spellcasting   | 4 |  4.2
Fire Magic     | 4 |  4.2
Dodging        | |  2.4
Stealth        | |  2.4

Action                     |  1- 3 |  4- 6 || total
---------------------------+-------+-------++-------
   Cast: Foxfire           |   119 |    21 ||   140
    Use: Scroll            |       |     2 ||     2
         Potion            |       |     1 ||     1
 Armour: Robe              |     3 |     1 ||     4
  Dodge: Dodged            |     8 |     5 ||    13
